 Dungeon Crawl Stone Soup version 0.20-a0-795-ga03948b (webtiles) character file.

15 M4edhros the Sneak (level 2, -4/18 HPs)
             Began as an Octopode Artificer on Mar 1, 2017.
             Slain by an orc warrior
             ... wielding a +0 dire flail
              (22 damage)
             ... on level 3 of the Dungeon.
             The game lasted 00:01:43 (497 turns).

M4edhros the Sneak (Octopode Artificer)              Turns: 497, Time: 00:01:43

Health: -4/18      AC:  1    Str: 11    XL:     2   Next: 50%
Magic:  4/4        EV: 13    Int: 13    God:
Gold:   23         SH:  4    Dex: 12    Spells: 1/1 levels left

rFire    . . .     SeeInvis .   a - +0 short sword
rCold    . . .     Gourm    .   (no shield)
rNeg     . . .     Faith    .   (helmet restricted)
rPois    .         Spirit   .   e - +4 amulet of reflection
rElec    .         Reflect  +   (no ring)
rCorr    .         Harm     .   (no ring)
MR       .....                  (no ring)
Stlth    +++.......             (no ring)
Regen    0.1/turn               (no ring)
MPRegen  0.1/turn               (no ring)
                                (no ring)
                                (no ring)

@: no status effects
A: almost no armour, stealthy swim, amphibious, 8 rings, constrict 8, camouflage
1, gelatinous body 1
a: no special abilities


You were on level 3 of the Dungeon.
You were not hungry.

You visited 1 branch of the dungeon, and saw 3 of its levels.

You collected 23 gold pieces.

Inventory:

Hand Weapons
 a - a +0 short sword (weapon)
Missiles
 h - 18 stones (quivered)
Jewellery
 e - a +4 amulet of reflection (around mantle)
Wands
 b - a wand of flame (15/48)
 c - a wand of enslavement (12/24)
 d - a wand of random effects (12/48)
Potions
 g - 2 potions of degeneration {unknown}
Comestibles
 f - a bread ration
 i - a meat ration


   Skills:
 - Level 1.0 Fighting
 - Level 1.0 Short Blades
 - Level 2.0 Dodging
 + Level 3.5 Stealth
 - Level 3.2 Evocations


You had one spell level left.
You didn't know any spells.

Dungeon Overview and Level Annotations

Branches:
Dungeon (3/15)

Altars:


Innate Abilities, Weirdness & Mutations

You cannot wear most types of armour.
You are very stealthy in the water. (Stealth+)
You are amphibious.
You can wear up to eight rings at the same time.
You can use your tentacles to constrict eight enemies at once.
Your skin changes colour to match your surroundings (Stealth+).
Your rubbery body absorbs attacks. (AC +1, EV +1)


Message History

The orc warrior flickers and vanishes!
Deactivating autopickup; reactivate with Ctrl-A.
This wand has 12 charges left.
Evoke which item? (* to show all) (? for menu, Esc to quit)
Aiming: Enslavement
Press: ? - help, Shift-Dir - straight line, f - orc priest
Aim: an orc priest, wielding a dagger (hasn't noticed you, chance to defeat MR: 55%) Nothing appears to happen.
This wand has 14 charges left.
Evoke which item? (* to show all) (? for menu, Esc to quit)
Aiming: Enslavement
Press: ? - help, Shift-Dir - straight line, f - orc priest
Aim: an orc priest, wielding a dagger (chance to defeat MR: 55%) Nothing appears to happen.
This wand has 13 charges left.
Evoke which item? (* to show all) (? for menu, Esc to quit)
Aiming: Enslavement
Press: ? - help, Shift-Dir - straight line, f - orc priest
Aim: an orc priest, wielding a dagger (chance to defeat MR: 55%) Nothing appears to happen.
This wand has 12 charges left.
Something hits you!!
Ouch! That really hurt!
You die...

#.#.# #.# #.#.#
#.# #.#.##### #.#
#.#...... .o#
#.#..##.# #.#
#.#..##.# #.#
######.#..##.# #.#
..........##.# #.#
.########.##.# #@#
.# #....###.# .#
#.....)..#
.########.########
<..........
.########## ##


You could see an orc priest.

Vanquished Creatures
  2 orcs (D:3)
  A giant cockroach (D:2)
  3 hobgoblins
  A kobold (D:1)
  A ball python (D:1)
  A bat (D:2)
  A frilled lizard (D:1)
  3 rats
13 creatures vanquished.

Vanquished Creatures (others)
  4 toadstools (D:1)
4 creatures vanquished.

Grand Total: 17 creatures vanquished

Notes
Turn   | Place    | Note
-------+----------+-------------------------------------------
     0 | D:1      | M4edhros the Octopode Artificer began the quest for the Orb.
     0 | D:1      | Reached XP level 1. HP: 13/13 MP: 3/3
   375 | D:2      | Reached XP level 2. HP: 18/18 MP: 4/4
   475 | D:3      | Noticed an orc warrior
   497 | D:3      | Slain by an orc warrior

Vault maps used:
D:1:      ldierk_water_garden, st_stairs_6
D:2:      grunt_temple_overflow_gold_and_silver,
          chequers_ecumenical_altar_simple_redux, trog_butcher_becter
D:3:      bloody_trog, uniq_natasha

Skill      XL: |  1 |
---------------+----+-----
Stealth        | 3 |  3.5
Fighting       | |  1.0
Short Blades   | |  1.0
Dodging        | |  2.0
Evocations     | |  3.2

Action                   || total
-------------------------++-------
Melee: Short sword       ||    23
       Constrict         ||     8
       Tentacles         ||     3
Evoke: Wand              ||     6
 Stab: Sleeping          ||     3
Armor: Skin              ||     3
Dodge: Dodged            ||    16
Block: Other             ||     2
